 Seeded DCSS version 0.29.1-15-g9cfb28693d (webtiles) character file.

Game seed: 1 (custom seed)

4 Kazon the Insei (level 1, -1/15 HPs)
             Began as a Merfolk Transmuter on Mar 24, 2023.
             Slain by a goblin
             ... wielding a +0 club
              (2 damage)
             ... on level 1 of the Dungeon.
             The game lasted 00:01:05 (104 turns).

Kazon the Insei (Merfolk Transmuter)                 Turns: 104, Time: 00:01:06

Health: -1/15      AC:  2    Str: 10    XL:     1   Next: 60%
Magic:  3/3        EV: 12    Int: 12    God:
Gold:   31         SH:  0    Dex: 14    Spells: 3/4 levels left

rFire   . . .      SeeInvis .     - Unarmed
rCold   . . .      Faith    .   (no shield)
rNeg    . . .      Spirit   .   a - +0 robe
rPois   .          Reflect  .   (no helmet)
rElec   .          Harm     .   (no cloak)
rCorr   .          Rampage  .   (no gloves)
Will    .....                   (no boots)
Stlth   +.........              (no amulet)
HPRegen 0.05/turn               (no ring)
MPRegen 0.08/turn               (no ring)

@: no status effects
A: (nimble swimmer 2), mertail
a: no special abilities


You were on level 1 of the Dungeon.
You visited 1 branch of the dungeon, and saw 1 of its levels.

You collected 31 gold pieces.

Inventory:

Armour
 a - a +0 robe (worn)
Jewellery
 e - an amulet of the acrobat
Scrolls
 d - a scroll of acquirement
Potions
 b - a potion of lignification
 c - a potion of haste {unknown}


   Skills:
 + Level 1.1 Fighting
 + Level 2.6 Dodging
 + Level 3.5 Unarmed Combat
 + Level 2.0 Spellcasting
 + Level 2.6 Transmutations


You had 3 spell levels left.
You knew the following spells:

 Your Spells              Type           Power      Damage    Failure   Level
a - Beastly Appendage     Tmut           14%        N/A       9%          1

Your spell library contained the following spells:

 Spells                   Type           Power      Damage    Failure   Level
 Wereblood                Tmut           7%         N/A       14%         2
 Spider Form              Tmut/Pois      4%         N/A       43%         3
 Ice Form                 Ice/Tmut       4%         N/A       83%         4


Dungeon Overview and Level Annotations

Branches:
Dungeon (1/15)

Altars:


Innate Abilities, Weirdness & Mutations

((You are very nimble when in or above water. (Stealth+, EV+, Speed+++)))
Your lower body shifts to a powerful aquatic tail in water.


Message History

You barely miss the bat. The bat hits you.
You hit the bat.
You kill the bat!
A goblin comes into view. It is wielding a +0 dagger.
The goblin shouts!
A hobgoblin comes into view.
The hobgoblin shouts!
You hit the goblin but do no damage. The goblin hits you with a +0 dagger.
* * * LOW HITPOINT WARNING * * *
You hit the goblin.
You kill the goblin!
Things that are here:
a +0 dagger; a goblin corpse The hobgoblin hits you.
* * * LOW HITPOINT WARNING * * *
You hit the hobgoblin.
The hobgoblin is severely wounded.
The hobgoblin closely misses you.
You hit the hobgoblin.
You kill the hobgoblin!
A goblin comes into view. It is wielding a +0 club.
The goblin shouts!
You hit the goblin but do no damage. The goblin misses you.
A rat comes into view.
Unknown command.
You barely miss the goblin. The goblin barely misses you.
You closely miss the goblin. The goblin barely misses you.
You hit the goblin.
The goblin is heavily wounded.
Unknown command.
The goblin misses you. The goblin barely misses you.
You hit the rat.
You kill the rat!
The goblin completely misses you.
Unknown command.
The goblin hits you with a +0 club.
* * * LOW HITPOINT WARNING * * *
The goblin attacks as you move away! The goblin hits you with a +0 club.
You die...

#. ..... ##. .....
..#+##...##.
#+####...........
#....#...........
#....#...........
##....#...........
...........†......
#####....#.g@.......
.................###
#..........#####
#..........# ##+##
.####..........#
###...###
..........###+##
##.......#
........#.###.#
#.........
............#.#
+....<....
..............#
#.........


You could see a goblin.

Vanquished Creatures
  A goblin (D:1)
  A hobgoblin (D:1)
  A bat (D:1)
  A rat (D:1)
4 creatures vanquished.

Notes
Turn   | Place    | Note
-------+----------+-------------------------------------------
     0 | D:1      | Kazon the Merfolk Transmuter began the quest for the Orb.
     0 | D:1      | Reached XP level 1. HP: 15/15 MP: 3/3
    49 | D:1      | Identified a scroll of acquirement
   104 | D:1      | Slain by a goblin

Illustrated notes

Levels and vault maps discovered:
D:1:      dpeg_arrival_three_smaller_balls, layout_basic

Action                   || total
-------------------------++-------
Melee: Unarmed           ||    16
 Cast: Beastly Appendage ||     1
Armor: Robe              ||    17
Dodge: Dodged            ||    32
